 Dungeon Crawl Stone Soup version 0.31-a0-536-ga3e2962e35 (webtiles) character file.

Game seed: 5040490749416139633

132 Ethylacetat the Slasher (level 5, -1/36 HPs)
             Began as an Octopode Gladiator on Aug 13, 2023.
             Slain by an orc wizard
             ... wielding a +0 dagger
              (2 damage)
             ... on level 3 of the Dungeon.
             The game lasted 00:02:07 (1695 turns).

Ethylacetat the Slasher (Octopode Gladiator)        Turns: 1695, Time: 00:02:09

Health: -1/36      AC:  1    Str: 13    XL:     5   Next: 15%
Magic:  5/5        EV: 14    Int: 11    God:
Gold:   112        SH:  0    Dex: 15    Spells: 4/4 levels left

rFire   . . .        j - +2 dagger (drain)
rCold   . . .        (no shield)
rNeg    + . .        b - +0 hat
rPois   .            (no amulet)
rElec   .            s - ring of positive energy
rCorr   .            (no ring)
SInv    .            (no ring)
Will    .....        (no ring)
Stlth   +++          (no ring)
HPRegen 0.26/turn    (no ring)
MPRegen 0.09/turn    (no ring)
                     (no ring)

%: no passive effects
@: no status effects
A: almost no armour, amphibious, 8 rings, camouflage 1, gelatinous body 1,
(nimble swimmer 1), tentacles
a: no special abilities


You were on level 3 of the Dungeon.
You visited 1 branch of the dungeon, and saw 3 of its levels.

You collected 112 gold pieces.

Inventory:

Hand Weapons
 a - a +0 long sword
 j - a +2 dagger of draining (weapon)
Missiles
 c - 4 throwing nets (quivered)
 d - 5 javelins
Armour
 b - a +0 hat (worn)
Jewellery
 i - a +6 ring of intelligence
 s - a ring of positive energy (left tentacle)
Scrolls
 f - a scroll of noise {unknown}
 h - 3 scrolls of teleportation {unknown}
 l - a scroll of immolation {unknown}
 m - a scroll of vulnerability {unknown}
 p - a scroll of enchant weapon {unknown}
 q - a scroll of fog {unknown}
Potions
 e - 2 potions of lignification {unknown}
 g - 3 potions of curing {unknown}
 k - a potion of enlightenment {unknown}
 n - a potion of might {unknown}
 o - a potion of attraction {unknown}
 r - a potion of haste {unknown}
 t - a potion of brilliance {unknown}


   Skills:
 + Level 3.1 Fighting
 + Level 3.8 Long Blades
 - Level 2.0 Throwing
 + Level 3.8 Dodging
 + Level 3.0 Stealth


You had 4 spell levels left.
You didn't know any spells.
Your spell library was empty.

Dungeon Overview and Level Annotations

Branches:
Dungeon (3/15)

Altars:

Shops:
D:1 (   D:2 *


Innate Abilities, Weirdness & Mutations

You cannot wear most types of armour.
You are amphibious.
You can wear up to eight rings at the same time.
Your skin changes colour to match your surroundings (Stealth+).
Your rubbery body absorbs attacks. (AC +1, EV +1)
((You are camouflaged when in or above water. (Stealth+)))
You have tentacles for arms and can constrict up to eight enemies at once.


Message History

You are too injured to fight recklessly!
You are too injured to fight recklessly!
You are too injured to fight recklessly! 2 orcs and an orc wizard come into view.
The orc shouts! x2
The orc moves out of view.
You are too injured to fight recklessly!
You are too injured to fight recklessly!
You are too injured to fight recklessly!
An orc comes into view. It is wielding a +0 falchion.
The orc closely misses you.
Things that are here:
a +0 whip; an orc corpse You are too injured to fight recklessly!
You are too injured to fight recklessly!
You barely miss the orc.
The orc shouts!
You grab the orc. You squeeze the orc!
You kill the orc!
The orc closely misses you.
The orc wizard casts a spell.
The orc wizard flickers and vanishes!
Deactivating autopickup; reactivate with Ctrl-A.
Things that are here:
a +0 war axe; an orc corpse The orc hits you with a +0 trident.
You closely miss the orc. Your grab misses the orc. The orc misses you.
Something hits you.
You hit the orc but do no damage. You grab the orc. You squeeze the orc.
The orc is moderately wounded.
You constrict the orc.
The orc barely misses you. x2; Something hits you.
The orc hits you with a +0 falchion.
* * * LOW HITPOINT WARNING * * *
You hit the orc but do no damage.
The orc is severely wounded.
You constrict the orc.
The orc hits you from afar with a +0 trident!
* * * LOW HITPOINT WARNING * * *
Something hits you.
You die...

######..... ..........
....... ... .........#
.....#... . .........#
.....#..#.# .#####...#
.......... .# #...#
#.#.#..#.# .# #...#
##o#.......
.#####...#####).{o..##
...........)).))@o...#
.#####....###.#.#...##
.#####....##..#.#...#
....##.......##.#...#
....###...#..##.....#
.....................
....................##
....###.#..#.##.##..#
....# #.#.##


You could see 3 orcs.

Vanquished Creatures
  A gnoll (D:1)
  5 adders (D:2)
  2 dart slugs
  6 orcs (D:3)
  6 bats
  11 endoplasms
  A giant cockroach (D:2)
  8 goblins
  5 hobgoblins
  4 kobolds
  A quokka (D:2)
  5 ball pythons
  3 frilled lizards
  10 rats
68 creatures vanquished.

Notes
Turn   | Place    | Note
-------+----------+-------------------------------------------
     0 | D:1      | Ethylacetat the Octopode Gladiator began the quest for the
                  | Orb.
     0 | D:1      | Reached XP level 1. HP: 14/14 MP: 1/1
    61 | D:1      | Reached XP level 2. HP: 13/19 MP: 2/2
    95 | D:1      | Reached skill level 1 in Stealth
   246 | D:1      | Reached XP level 3. HP: 17/25 MP: 3/3
   341 | D:1      | Found Uguz's Antique Weapon Shoppe.
   876 | D:2      | Found a faded altar of an unknown god.
   981 | D:2      | Reached XP level 4. HP: 30/30 MP: 4/4
   982 | D:2      | Found Lenk's General Store.
  1568 | D:3      | Reached XP level 5. HP: 36/36 MP: 5/5
  1695 | D:3      | HP: 1/36 [orc/+0 trident (8)]
  1695 | D:3      | Slain by an orc wizard

Illustrated notes

Levels and vault maps discovered:
D:1:      mrwooster_arrival_statue_2, layout_loops_ring, serial_shops, shop
D:2:      layout_basic, hellmonk_ecumenical_altar_crossroads, serial_shops,
          shop, grunt_ministairs_7, minmay_3d_cube
D:3:      layout_basic

Skill      XL: |  1  2  3  4  5 |
---------------+----------------+-----
Stealth        | 1 2 3 |  3.0
Fighting       | 3 |  3.1
Long Blades    | |  3.8
Throwing       | |  2.0
Dodging        | |  3.8

Action                     |  1- 3 |  4- 6 || total
---------------------------+-------+-------++-------
  Melee: Long sword        |    54 |       ||    54
         Constrict         |    10 |    12 ||    22
         Tentacles         |     7 |    12 ||    19
         Dagger            |     7 |    61 ||    68
   Stab: Sleeping          |    10 |    12 ||    22
 Armour: Skin              |     3 |     4 ||     7
  Dodge: Dodged            |    39 |    42 ||    81

Table legend: (Time is in decaauts)
 A = Elapsed time spent in this place.
 B = Non-inter-level travel time spent in this place.
 C = Inter-level travel time spent in this place.
 D = Time resting spent in this place.
 E = Time spent auto-exploring this place.
 F = Levels seen in this place.
 G = Mean time per level.
                   A        B        C        D        E       F      G
               +--------+--------+--------+--------+--------+-----+--------+
         Total |   1699 |   1618 |     81 |      0 |   1198 |   3 |  566.3 |
       Dungeon |   1699 |   1618 |     81 |      0 |   1198 |   3 |  566.3 |
               +--------+--------+--------+--------+--------+-----+--------+

Top non-repeatable levels by time:
     D:1: 829 daAuts
     D:2: 584 daAuts
     D:3: 285 daAuts
